Map: Blackburn LE

Players

Semper

  • Race: Terran Terran

Scarlett - Winner!

  • Race: Zerg Zerg

Event: DreamHack SC2 Masters 2021 Winter

VOD

Have the link to the VOD?

Description

Time

  • Played on: Oct. 8, 2021, 6:06 p.m.
  • Length: 42:06

All games in this series

Show
View Real Time Build Order
Export as new Build Order

Semper Terran 

Build Orders: Reaper Expand 

Get SALT Encoding   

  12  0:00  SCV  
  13  0:12  SCV  
  14  0:17  Supply Depot  
  14  0:24  SCV  
  15  0:38  SCV  
  15  0:40  Barracks  
  16  0:43  Refinery  
  16  0:50  SCV  
  17  1:02  SCV  
  18  1:15  SCV  
  19  1:27  Reaper, Orbital Command  
  20  1:41  Command Center  
  20  1:52  Supply Depot  
  20  1:53  SCV  
  21  1:59  Marine  
  22  2:06  SCV  
  23  2:11  Factory  
  23  2:25  Barracks Reactor  
  23  2:26  SCV  
  23  2:29  Bunker  
  24  2:43  SCV  
  25  2:45  Command Center  
  25  2:58  SCV  
  24  3:06  Orbital Command  
  24  3:11  Hellion x2  
  28  3:13  SCV  
  29  3:23  Barracks  
  29  3:25  SCV  
  30  3:29  Barracks Tech Lab  
  30  3:32  SCV  
  31  3:35  Hellion  
  31  3:40  Hellion  
  35  3:43  SCV  
  35  3:48  SCV, Marine  
  37  3:49  Stimpack  
  37  3:55  SCV  
  39  3:57  Refinery  
  39  4:00  Orbital Command  
  39  4:04  SCV  
  39  4:08  SCV  
  41  4:16  SCV, Factory Reactor  
  42  4:19  Starport  
  42  4:20  SCV, Marine x2  
  42  4:21  Marine  
  46  4:27  SCV  
  46  4:28  SCV  
  48  4:37  SCV  
  48  4:38  Marine x3  
  49  4:43  Supply Depot  
  49  4:44  SCV  
  53  4:50  Engineering Bay  
  53  4:51  Engineering Bay  
  53  4:52  SCV  
  54  4:53  Orbital Command  
  54  4:56  Marine x3  
  54  4:58  Factory Reactor  
  57  5:01  Medivac  
  57  5:03  Medivac  
  57  5:05  SCV  
  62  5:07  Refinery  
  62  5:08  Supply Depot x2  
  62  5:09  SCV  
  63  5:14  Marine x2  
  63  5:17  SCV  
  63  5:21  SCV, Factory Tech Lab  
  66  5:22  Barracks  
  66  5:24  SCV  
  66  5:26  Terran Infantry Weapons Level 1  
  67  5:28  Refinery  
  67  5:31  Supply Depot  
  67  5:32  Supply Depot  
  67  5:34  Marine x2  
  69  5:38  Combat Shield  
  69  5:39  Marine  
  69  5:40  SCV  
  69  5:42  SCV  
  72  5:44  SCV  
  72  5:49  Siege Tank  
  76  5:53  SCV  
  76  5:56  Supply Depot  
  77  5:59  SCV x2  
  77  6:03  Marine x2  
  81  6:09  Factory  
  81  6:10  SCV  
  82  6:11  SCV  
  82  6:17  Marine  
  85  6:20  Medivac, Marine  
  85  6:21  Siege Tank  
  85  6:25  SCV  
  91  6:29  SCV  
  86  6:33  SCV  
  86  6:36  Barracks Reactor  
  86  6:37  SCV, Bunker x2  
  88  6:41  SCV  
  88  6:42  Marine x3  
  88  6:46  SCV  
  93  6:50  Supply Depot  
  93  6:51  Supply Depot  
  93  6:52  Supply Depot  
  93  6:53  Siege Tank, Factory Tech Lab  
  96  6:56  Terran Infantry Armor Level 1  
  96  6:58  SCV  
  96  6:59  Armory  
  97  7:02  SCV  
  97  7:03  Refinery  
  97  7:06  SCV  
  99  7:09  Refinery, Marine x2  
  99  7:11  SCV  
  99  7:14  Siege Tank  
  105  7:15  Marine  
  105  7:16  Marine  
  105  7:20  SCV x2  
  109  7:23  SCV  
  109  7:25  Marine  
  109  7:26  Marine  
  109  7:29  Barracks  
  112  7:30  Siege Tank  
  112  7:35  Missile Turret  
  116  7:37  SCV x3  
  116  7:42  Marine x3  
  121  7:47  Supply Depot  
  121  7:48  Barracks  
  121  7:53  Siege Tank  
  121  7:57  Marine x2  
  125  8:02  Supply Depot x2  
  125  8:05  Widow Mine  
  127  8:12  SCV x2  
  129  8:14  Marine x2  
  129  8:18  Marine  
  129  8:19  Marine  
  132  8:21  Barracks Tech Lab  
  132  8:22  SCV  
  132  8:25  Siege Tank  
  132  8:26  Siege Tank  
  139  8:27  Terran Infantry Weapons Level 2, Refinery  
  139  8:40  Marauder x2, Barracks Reactor  
  139  8:41  Marine x3  
  144  8:43  SCV x2  
  144  8:45  SCV  
  149  8:51  Medivac x2  
  151  8:57  Siege Tank, Marine  
  155  9:04  Command Center  
  155  9:08  Siege Tank  
  155  9:09  Supply Depot  
  158  9:11  Supply Depot  
  158  9:21  Medivac x2  
  161  9:27  Marine x4  
  161  9:30  Marine x2  
  161  9:31  Siege Tank  
  170  9:33  Marine x2  
  170  9:35  Concussive Shells  
  170  9:37  Supply Depot  
  172  9:39  Supply Depot  
  172  9:40  Siege Tank  
  172  9:44  Marine  
  176  9:46  Supply Depot  
  176  9:52  Marauder  
  175  10:03  Siege Tank  
  175  10:13  Siege Tank  
  168  10:14  Marine x7  
  168  10:15  Marauder  
  168  10:19  Barracks x2  
  177  10:23  Barracks  
  177  10:32  Marine x2  
  177  10:33  Marauder  
  177  10:35  Missile Turret, Siege Tank  
  184  10:38  Planetary Fortress  
  184  10:40  Sensor Tower  
  184  10:41  Terran Infantry Armor Level 2  
  184  10:43  Terran Vehicle Weapons Level 1  
  184  10:44  Marauder, Marine x4  
  190  10:50  Marine  
  190  10:52  SCV x2  
  190  10:54  Missile Turret  
  193  10:58  Marauder  
  193  11:01  Ghost Academy  
  193  11:03  Terran Infantry Weapons Level 3  
  195  11:05  SCV x3  
  198  11:30  Marauder  
  198  11:31  Barracks Tech Lab x3  
  199  11:36  Liberator  
  196  11:42  SCV x3  
  193  11:48  Command Center  
  193  11:53  Siege Tank  
  196  11:57  Marine  
  196  11:58  Marauder  
  195  12:26  Siege Tank  
  195  12:27  Marine  
  195  12:28  Marauder  
  199  12:31  Personal Cloaking  
  199  12:34  Starport  
  199  12:36  Refinery  
  199  12:37  Refinery  
  199  12:39  Command Center  
  199  12:40  Liberator, Command Center  
  199  12:41  Liberator  
  199  12:42  Command Center  
  192  12:49  Ghost x4  
  189  12:59  Siege Tank x2  
  189  13:03  Marine, Ghost  
  191  13:08  Orbital Command  
  184  13:28  Marine, Ghost x2  
  184  13:29  Marauder, Marine  
  184  13:30  Marauder  
  184  13:31  Siege Tank x2, Starport Reactor  
  184  13:33  SCV x4  
  198  13:47  Terran Infantry Armor Level 3  
  198  13:57  Missile Turret, Enhanced Shockwaves  
  198  13:58  SCV x2  
  198  13:59  Missile Turret  
  198  14:00  Missile Turret  
  200  14:06  Missile Turret  
  200  14:10  Missile Turret  
  199  14:23  Ghost  
  199  14:24  Marine  
  198  14:30  Refinery x2  
  193  14:52  Siege Tank  
  164  14:53  Marine x2  
  164  14:54  Marine x9  
  164  14:55  Siege Tank  
  173  15:10  Marine  
  173  15:11  Marine  
  173  15:12  Ghost, Marine x4  
  173  15:13  Marauder x3  
  187  15:15  Viking x4  
  195  15:24  Siege Tank  
  195  15:25  Planetary Fortress  
  192  15:37  Ghost x2  
  191  15:42  SCV  
  191  15:43  SCV x4  
  193  15:51  Ghost  
  193  15:53  Marine, Ghost  
  193  15:54  Viking x2  
  200  15:59  SCV  
  181  16:20  Marine, Ghost  
  181  16:22  SCV x2  
  181  16:23  Siege Tank  
  178  16:29  Viking x2  
  178  16:30  Orbital Command  
  182  16:33  SCV  
  182  16:34  SCV x3  
  185  16:48  SCV x3  
  185  16:50  Refinery  
  188  17:00  SCV  
  189  17:03  Siege Tank, Marine  
  189  17:06  Ghost  
  189  17:07  Marine  
  188  17:11  Marine  
  188  17:15  Sensor Tower  
  187  17:16  Missile Turret, Ghost  
  187  17:17  Missile Turret, Marine  
  179  17:28  Siege Tank, Marine  
  179  17:29  Marine x5  
  181  17:38  Orbital Command  
  181  17:39  Marine  
  181  17:44  SCV  
  182  17:54  SCV x2  
  182  17:57  SCV x3  
  183  18:06  SCV, Siege Tank, Marine  
  183  18:07  Marine x4  
  174  18:28  Siege Tank, Marine  
  174  18:34  SCV x2, Marine  
  177  18:37  Orbital Command  
  177  18:38  Siege Tank  
  177  18:39  Refinery  
  175  18:57  Missile Turret  
  175  19:00  SCV, Siege Tank  
  175  19:01  SCV x2  
  181  19:03  Refinery  
  181  19:10  Siege Tank  
  184  19:30  Ghost  
  184  19:31  Ghost, Marine  
  186  19:32  Siege Tank  
  186  19:33  Command Center  
  192  19:39  Command Center  
  192  19:41  Missile Turret  
  192  19:42  Siege Tank  
  183  19:56  Ghost x3  
  183  19:58  Nuke  
  189  20:01  Orbital Command  
  190  20:07  SCV x2  
  191  20:26  Siege Tank  
  191  20:28  SCV x4  
  195  20:32  Refinery  
  195  20:56  Viking  
  177  20:57  Viking  
  199  21:14  Ghost  
  199  21:15  Marine  
  194  21:27  Viking x2  
  194  21:30  Viking  
  194  21:32  Nuke  
  200  21:36  Orbital Command x2  
  200  21:41  Starport x3  
  200  21:46  Missile Turret, Sensor Tower  
  200  21:49  Viking  
  195  22:06  Viking x2  
  193  22:20  Nuke  
  193  22:21  Viking x3  
  199  22:24  Terran Ship Weapons Level 1  
  199  22:40  Refinery  
  199  22:43  Hi-Sec Auto Tracking, Command Center, Neosteel Armor  
  199  22:44  Command Center  
  199  22:45  Command Center  
  192  23:07  Ghost  
  192  23:08  Ghost  
  182  23:42  Ghost x5  
  182  23:44  Viking x2  
  173  24:13  Marine, Ghost x4  
  173  24:14  Marauder, Marine  
  183  24:27  Viking  
  183  24:29  Liberator x4  
  183  24:30  Viking  
  199  24:39  Orbital Command  
  199  24:40  Command Center  
  199  24:43  SCV  
  200  25:03  Nuke  
  200  25:08  Orbital Command  
  192  25:20  SCV x4  
  192  25:21  SCV  
  193  25:30  Marauder x2, Marine  
  193  25:31  Marauder  
  200  25:39  Fusion Core  
  200  25:47  Refinery  
  200  25:49  Refinery  
  191  26:12  Nuke  
  191  26:13  Viking x2  
  191  26:14  Ghost x3  
  197  26:29  Orbital Command  
  190  26:43  SCV  
  190  26:44  SCV x5  
  193  26:50  Marine, Ghost  
  193  26:52  Refinery  
  196  26:55  SCV  
  197  27:02  Refinery  
  197  27:08  SCV  
  190  27:21  Ghost x5  
  190  27:22  Marine  
  195  27:27  SCV  
  196  27:32  Orbital Command  
  196  27:42  Orbital Command  
  188  27:47  Marine  
  188  27:50  Ghost  
  191  27:58  SCV x5  
  190  28:18  Nuke  
  190  28:20  SCV x3  
  190  28:34  Marine x2  
  191  28:46  SCV  
  191  28:49  Liberator  
  191  28:50  Liberator x2, Advanced Ballistics  
  191  28:54  Orbital Command  
  196  29:12  Nuke  
  196  29:13  SCV  
  196  29:14  SCV  
  193  29:28  Refinery  
  193  29:29  Orbital Command  
  160  30:00  Marine, Ghost x5  
  160  30:01  Marine  
  160  30:03  Marine  
  170  30:17  SCV  
  170  30:18  SCV x2  
  170  30:20  Marine x3  
  170  30:21  Liberator x7, Orbital Command  
  197  30:28  Ghost  
  197  30:29  Nuke  
  199  30:41  SCV  
  198  30:52  SCV  
  198  30:53  SCV  
  198  30:56  Terran Ship Weapons Level 2  
  198  31:09  SCV  
  198  31:10  SCV  
  198  31:24  Nuke  
  191  32:00  Ghost  
  191  32:01  Marine  
  186  32:02  SCV x4  
  186  32:08  SCV x2  
  185  32:23  Liberator  
  166  32:59  Nuke  
  166  33:01  SCV x7  
  166  33:05  Viking x5  
  183  33:13  SCV x4, Marine  
  176  33:42  Marine  
  176  33:55  SCV x2  
  178  33:57  SCV  
  178  34:09  SCV  
  179  34:10  SCV  
  179  34:11  SCV, Refinery x2  
  179  34:13  Nuke  
  179  34:15  Ghost x4  
  179  34:16  Marine  
  178  34:34  Marine x5  
  178  34:35  Marauder  
  171  34:55  Ghost  
  171  34:56  Marine  
  172  35:02  SCV x3  
  174  35:09  Orbital Command  
  170  35:15  Liberator  
  170  35:16  Viking  
  173  35:23  Nuke  
  173  35:24  SCV x2  
  173  35:25  SCV  
  173  35:28  SCV  
  174  35:30  Refinery  
  171  36:02  SCV x2  
  173  36:04  Marine, Ghost  
  173  36:09  Orbital Command  
  176  36:27  SCV  
  174  36:45  SCV, Marine  
  174  36:46  SCV  
  177  36:48  SCV  
  174  37:06  Nuke, Marine  
  173  37:09  Marine  
  173  37:15  Marine x3  
  166  37:16  Marine x5  
  166  37:18  Widow Mine x2  
  166  37:20  SCV x3  
  181  37:26  Marine x2  
  181  37:27  Marine  
  181  37:29  SCV  
  185  37:35  Refinery  
  185  37:36  Refinery  
  185  37:37  Supply Depot, Ghost  
  185  37:38  Supply Depot, Ghost x3  
  187  37:55  Marine  
  187  37:56  Ghost  
  182  38:06  Ghost  
  182  38:07  Marine  
  185  38:13  Marine x2  
  185  38:14  Supply Depot x2  
  185  38:17  Supply Depot  
  184  38:40  Marine x6  
  182  38:59  Orbital Command  
  173  39:08  Nuke  
  173  39:09  SCV x3  
  176  39:21  SCV  
  176  39:24  Ghost x3  
  177  39:43  SCV  
  176  39:49  SCV  
  167  40:00  Nuke  
  167  40:01  Marine, Ghost  
  167  40:06  Marine  
  164  40:07  Marine x3  
  164  40:11  Marine x2  
  164  40:13  Marine x2  
  164  40:15  Marine  
  164  40:17  Widow Mine  
  164  40:21  Widow Mine  
Show
View Real Time Build Order
Export as new Build Order

Scarlett Zerg - Winner!

Build Orders: Hatch First, Lurkers 

Get SALT Encoding   

  12  0:00  Drone  
  13  0:12  Overlord  
  13  0:16  Drone  
  14  0:30  Drone x2  
  16  0:47  Hatchery  
  15  0:51  Drone  
  15  0:54  Drone  
  17  0:57  Drone  
  18  1:07  Extractor  
  17  1:12  Spawning Pool  
  17  1:16  Drone  
  17  1:20  Drone  
  18  1:27  Drone  
  19  1:38  Drone  
  20  1:49  Drone  
  21  1:59  Queen x2  
  21  2:01  Zergling x4  
  27  2:12  Drone, Overlord  
  28  2:23  Extractor  
  28  2:25  Drone  
  28  2:35  Drone x3  
  32  2:39  Metabolic Boost  
  32  2:44  Queen  
  35  3:01  Drone  
  35  3:03  Hatchery  
  35  3:04  Overlord  
  35  3:11  Drone x3  
  36  3:13  Overlord  
  36  3:23  Drone x4  
  36  3:25  Queen  
  42  3:27  Queen  
  44  3:37  Drone x3  
  48  3:41  Drone x3  
  48  3:47  Drone, Extractor  
  50  3:50  Zergling x2  
  50  3:51  Drone  
  50  3:53  Overlord  
  52  4:04  Lair  
  52  4:08  Overlord  
  52  4:10  Queen  
  52  4:14  Drone x5  
  58  4:20  Drone x4  
  62  4:25  Drone x3  
  62  4:29  Drone x2  
  67  4:37  Drone, Overlord  
  67  4:38  Drone  
  69  4:41  Roach Warren  
  69  4:43  Drone x3  
  71  4:46  Extractor  
  71  4:49  Queen  
  71  4:52  Drone x2  
  74  4:54  Overlord  
  74  4:58  Drone, Evolution Chamber  
  74  4:59  Evolution Chamber  
  73  5:00  Drone  
  73  5:01  Drone  
  73  5:03  Queen  
  77  5:08  Drone x3  
  80  5:16  Drone x4  
  80  5:17  Overlord  
  80  5:20  Glial Reconstitution, Extractor x2  
  82  5:21  Extractor  
  82  5:25  Zerg Missile Weapons Level 1, Zerg Ground Armor Level 1  
  81  5:29  Roach x2  
  81  5:35  Drone x2  
  87  5:36  Roach x4  
  95  5:43  Overlord  
  95  5:44  Overlord  
  95  5:49  Roach  
  97  5:51  Drone  
  97  5:52  Overlord x4  
  98  6:04  Roach x6  
  98  6:05  Roach  
  112  6:12  Hatchery  
  111  6:23  Drone x4  
  111  6:40  Hatchery, Roach  
  111  6:41  Roach x11  
  111  6:42  Overseer  
  134  6:51  Overlord x4  
  134  6:56  Roach x3  
  134  6:59  Roach  
  134  7:00  Roach  
  134  7:01  Roach  
  146  7:10  Roach x5  
  156  7:16  Roach  
  156  7:17  Roach x2  
  156  7:19  Ravager x5  
  156  7:20  Ravager x3  
  170  7:24  Overlord x2  
  170  7:26  Overlord  
  170  7:28  Overlord  
  170  7:39  Zerg Missile Weapons Level 2, Zerg Ground Armor Level 2  
  170  7:46  Drone x2  
  170  7:47  Infestation Pit, Hydralisk Den  
  170  7:48  Drone  
  170  7:49  Drone x4  
  175  7:52  Drone  
  175  7:53  Drone x2  
  178  8:02  Ravager  
  178  8:03  Ravager  
  180  8:06  Drone x10  
  180  8:07  Drone  
  185  8:21  Extractor  
  185  8:22  Extractor  
  185  8:26  Hive  
  183  8:28  Spore Crawler  
  183  8:29  Lurker Den, Spore Crawler  
  180  8:37  Roach x9  
  198  8:41  Hatchery  
  197  8:55  Ravager  
  198  8:56  Ravager  
  198  8:58  Ravager  
  200  9:09  Spore Crawler  
  199  9:13  Drone, Spine Crawler, Spore Crawler  
  199  9:14  Drone x3, Spore Crawler  
  199  9:16  Overlord  
  200  9:23  Tunneling Claws, Burrow  
  200  9:26  Spine Crawler, Spore Crawler  
  198  9:34  Muscular Augments  
  198  9:43  Seismic Spines  
  197  9:56  Hatchery  
  197  9:57  Zerg Ground Armor Level 3, Zerg Missile Weapons Level 3  
  196  10:01  Hydralisk x2  
  201  10:15  Overlord  
  201  10:32  Hatchery  
  201  10:35  Hatchery  
  199  10:36  Extractor  
  199  10:37  Extractor  
  199  10:40  Adaptive Talons  
  199  10:41  Viper  
  200  10:45  Grooved Spines  
  200  10:46  Spore Crawler  
  200  10:47  Spore Crawler x2  
  197  10:55  Viper x3  
  194  10:59  Hydralisk x2, Lurker x2  
  200  11:12  Spire x2  
  198  11:18  Hydralisk  
  198  11:20  Roach  
  198  11:21  Roach  
  200  11:27  Extractor x2  
  194  11:35  Hydralisk x4, Lurker x2  
  194  11:56  Spine Crawler  
  194  11:57  Hydralisk x3, Lurker  
  198  12:18  Lurker x2  
  200  12:28  Roach x2  
  195  13:02  Viper  
  195  13:03  Hydralisk x2  
  189  13:27  Viper x2  
  194  13:45  Zerg Flyer Armor Level 1, Greater Spire, Adrenal Glands  
  194  13:46  Zerg Melee Weapons Level 1  
  194  13:53  Spore Crawler  
  194  13:55  Drone x2  
  195  13:56  Spore Crawler  
  195  13:57  Spore Crawler x2  
  195  13:59  Spore Crawler x2  
  190  14:07  Overseer  
  190  14:08  Overseer x2  
  190  14:16  Pneumatized Carapace  
  189  14:17  Overseer x2  
  189  14:22  Viper x3  
  184  14:25  Overseer  
  184  14:30  Drone x5  
  184  14:31  Drone x11  
  192  14:59  Lurker x6  
  193  15:04  Hydralisk x3  
  193  15:06  Spore Crawler  
  198  15:08  Spore Crawler  
  198  15:10  Spore Crawler  
  196  15:17  Spore Crawler  
  176  15:54  Overseer x3  
  176  15:55  Zerg Flyer Weapons Level 1, Corruptor, Zerg Flyer Armor Level 2  
  176  15:56  Corruptor x7  
  188  16:12  Extractor  
  188  16:13  Drone x5  
  188  16:14  Drone  
  190  16:24  Roach x2  
  190  16:34  Overseer x5  
  187  17:01  Zerg Melee Weapons Level 2  
  185  17:10  Lurker x3  
  185  17:11  Corruptor x6  
  189  17:54  Spore Crawler  
  189  17:57  Zerg Flyer Weapons Level 2  
  186  18:09  Hatchery  
  165  18:52  Queen  
  167  18:59  Corruptor x4  
  167  19:01  Brood Lord x12  
  199  19:04  Pathogen Glands  
  199  19:05  Zerg Flyer Armor Level 3  
  196  19:50  Corruptor x3  
  199  20:24  Baneling Nest  
  199  20:25  Zerg Flyer Weapons Level 3  
  198  20:41  Infestor x2  
  187  21:11  Infestor x3  
  186  21:13  Corruptor  
  186  21:18  Corruptor x5  
  194  21:34  Overseer x6  
  194  21:43  Corruptor x3  
  200  21:47  Hatchery  
  200  21:49  Extractor  
  198  22:04  Overseer  
  198  22:11  Overseer  
  195  22:32  Centrifugal Hooks  
  195  22:42  Zergling x10  
  200  22:46  Spore Crawler  
  199  22:53  Extractor  
  199  22:57  Zergling x4  
  185  23:11  Zergling x34  
  192  23:27  Baneling Nest  
  192  23:30  Spire  
  192  23:33  Greater Spire  
  191  23:42  Corruptor x4  
  199  24:21  Baneling x9  
  199  25:00  Spore Crawler  
  198  25:20  Brood Lord x8  
  198  25:28  Overseer  
  197  26:03  Infestor x2  
  190  27:37  Infestor x7  
  175  29:00  Spore Crawler  
  175  29:01  Spore Crawler x2  
  172  29:07  Corruptor x6  
  184  29:25  Zergling x24  
  184  29:28  Zergling x2  
  184  29:29  Zergling x4  
  184  29:30  Baneling x4  
  197  29:43  Spawning Pool  
  183  29:54  Greater Spire  
  176  30:12  Zergling x6  
  167  32:05  Corruptor  
  167  32:06  Corruptor x4  
  177  32:08  Brood Lord  
  177  32:09  Brood Lord x5  
  186  32:42  Viper, Spore Crawler  
  186  32:43  Viper, Spore Crawler x2  
  189  32:44  Spore Crawler  
  189  32:49  Infestor  
  189  32:50  Infestor x2  
  189  32:52  Overseer  
  189  33:16  Baneling Nest  
  189  33:19  Queen  
  190  33:24  Viper x2  
  193  33:52  Spore Crawler  
  193  33:53  Spore Crawler  
  189  34:15  Extractor  
  189  34:16  Queen  
  174  34:52  Queen  
  176  35:00  Overlord  
  176  35:02  Zergling x28  
  190  35:36  Zergling x2  
  190  35:37  Zergling x18  
  186  36:25  Queen  
  178  37:09  Zergling x36  
  178  37:15  Spore Crawler  
  192  37:16  Spore Crawler x2  
  190  37:58  Zergling x16  
  175  38:08  Zergling x14  
  179  38:19  Zergling x10  
  183  38:24  Hatchery  
  183  38:26  Extractor  
  177  38:28  Extractor  
  167  38:40  Baneling x6  
  167  38:41  Zergling x20  
  160  39:03  Zergling x20  
  166  39:12  Overseer, Zergling x10  
  167  39:33  Zergling x8  
  167  39:34  Zergling x10, Baneling x9  
  174  39:58  Zergling x30  
  173  40:09  Zergling x10  
  171  40:18  Queen  
  171  40:20  Zergling x14  
  170  40:45  Zergling x2  
  170  40:46  Zergling x18  
  178  40:54  Queen  
  171  41:11  Corruptor  
  171  41:12  Corruptor x4  
  171  41:15  Zergling x20  
  171  41:16  Baneling x12  
  191  41:24  Corruptor x4  

Tags
 
Add a new tag
Caveats
  • Supply blocks, unpowered buildings, or Contaminate may cause inaccurate times.
  • Supply counts are checked every 10 seconds.